 Dungeon Crawl Stone Soup version 0.19.0-2-gae57169 (webtiles) character file.

61713 Letos the Bludgeoner (level 15, -43/100 HPs)
             Began as a Gargoyle Gladiator on Nov 4, 2016.
             Was an Initiate of Gozag.
             Annihilated by a titanic slime creature (65 damage)
             ... on level 11 of the Dungeon.
             The game lasted 00:50:33 (22296 turns).

Letos the Bludgeoner (Gargoyle Gladiator)          Turns: 22296, Time: 00:50:34

Health: -43/100    AC: 38    Str: 24    XL:     15   Next: 3%
Magic:  21/21      EV:  9    Int: 10    God:    Gozag
Gold:   3047       SH:  0    Dex: 10    Spells: 0 memorised, 14 levels left

rFire  + + .     SeeInvis +     d - +7 great mace "Firestarter" {inner flame, rF++}
rCold  . . .     Gourm    .     I - +3 plate armour {MR+}
rNeg   + . .     Faith    .     (shield currently unavailable)
rPois  ∞         Spirit   .     c - +0 helmet
rElec  +         Reflect  .     m - +0 cloak
rCorr  .         Harm     .     E - +1 pair of gloves
MR     ++...                    u - +0 pair of boots
Stlth  ..........               (no amulet)
                                s - ring of see invisible
                                q - +3 ring of protection

@: no status effects
A: big wings, mutation resistance 1, negative energy resistance 1, electricity
resistance, unbreathing, petrification resistance, rot immunity, AC +11
a: Fly, Potion Petition, Call Merchant, Bribe Branch, Renounce Religion


You were on level 11 of the Dungeon.
You worshipped Gozag.
Gozag was most pleased with you.
You were very hungry.

You visited 2 branches of the dungeon, and saw 17 of its levels.

You collected 4604 gold pieces.
You spent 588 gold pieces at shops.
You paid 969 gold pieces to Gozag.

Inventory:

Hand Weapons
 b - a +1 morningstar
 d - the +7 great mace "Firestarter" (weapon) {inner flame, rF++}
   (You took it off a fire giant on level 10 of the Dungeon)

   It has been specially enchanted to burn those struck by it, causing extra
   injury to most foes and up to half again as much damage against particularly
   susceptible opponents.
   It greatly protects you from fire.
Missiles
 r - 6 large rocks
Armour
 c - a +0 helmet (worn)
 m - a +0 cloak (worn)
 u - a +0 pair of boots (worn)
 E - a +1 pair of gloves (worn)
 I - a +3 plate armour of magic resistance (worn)
Jewellery
 j - an uncursed ring of positive energy
 n - an uncursed ring of ice
 q - a +3 ring of protection (left hand)
 s - a ring of see invisible (right hand)
 t - an uncursed ring of protection from magic
Wands
 v - a wand of acid (10/15)
 w - a wand of heal wounds (8/9)
 F - a wand of teleportation (6/9)
 K - a wand of digging (12/24)
Scrolls
 e - 7 scrolls of remove curse
 h - 3 scrolls of teleportation
 k - 3 scrolls of enchant armour
 y - a scroll of identify
 B - a scroll of blinking {unknown}
 O - a scroll of amnesia
Potions
 a - a potion of flight {unknown}
 i - 7 potions of curing
 o - 2 potions of mutation {unknown}
 A - a potion of magic
 C - 2 potions of cancellation
 D - 2 potions of haste
 J - a potion of invisibility
 N - 2 potions of resistance
Comestibles
 f - 5 bread rations
 g - 5 meat rations
 l - 8 fruits
 p - 2 beef jerkies
 x - 2 royal jellies
 z - 3 slices of pizza


   Skills:
 + Level 14.3 Fighting
 * Level 16.5 Maces & Flails
 + Level 3.8 Throwing
 - Level 10.6 Armour
 - Level 5.3 Dodging
 - Level 8.0 Evocations


You had 14 spell levels left.
You didn't know any spells.

Dungeon Overview and Level Annotations

Branches:
Dungeon (11/15)            Temple (0/1) D:6            Lair (6/6) D:9
 Shoals (0/4) Lair:2        Snake (0/4) Lair:3        Slime (0/5) Lair:5
    Orc (0/2) D:9

Altars:
Ashenzari
Fedhas
Gozag
Okawaru
Ru
Sif Muna
Uskayaw
Vehumet
Xom
The Shining One
Jiyva

Shops:
D:7 }

Annotations:
D:11 Fannar


Innate Abilities, Weirdness & Mutations

You are resistant to torment.
Your stone body is resilient. (AC +11)
You are immune to poison.
Your large and strong wings let you fly indefinitely.
You resist negative energy. (rN+)
You are resistant to electric shocks. (rElec)
You can survive without breathing.
You are immune to petrification.
You are immune to rotting.
You are somewhat resistant to further mutation.


Message History

As you read the scroll of fear, it crumbles to dust.
You assume a fearsome visage.
Fannar looks frightened!
The orc warrior looks frightened!
The orc looks frightened!
The orc wizard looks frightened!
The hound skeleton is unaffected.
The titanic slime creature resists with some effort.
The slime creature looks frightened!
The orc wizard casts a spell.
The orc wizard flickers and vanishes for a moment.
Fannar mumbles some strange words.
Fannar blinks!
The titanic slime creature hits you but does no damage.
Okay, then.
Evoke which item? (* to show all) (? for menu, Esc to quit)
Zapping:
w - a wand of heal wounds (9/9)
Press: ? - help, Shift-Dir - straight line, f - you You feel much better.
This wand has 8 charges left.
An orc wizard opens the door.
The titanic slime creature hits you!!!
Ouch! That really hurt!
You die...
Your body crumbles into a pile of gold.

##### $ #...# #...####
# #..##..## #'
#.......#
..##oo##.......#
..J..ZJ@)......#
.....o###+##..########
..o.. ##..##..#..###
..## #...'(........ .
#..#...#.........
#..##..#.........
#..##..##......##
#..##..##+#######
#..#...##..##..##


You could see a titanic slime creature (inner flame), a slime creature
(fleeing), an orc warrior (fleeing), an orc wizard (fleeing), 2 orcs and a hound
skeleton.

Vanquished Creatures
  Rupert (Lair:4)
  Kirke (Lair:4)
  A fire giant (D:10)
  2 entropy weavers (Lair:5)
  A fire dragon (Lair:6)
  Harold (D:11)
  7 hydras
  A catoblepas (Lair:5)
  The ghost of Roarke the Severer, a novice MiBe of Trog (Lair:1)
  A queen ant (Lair:5)
  4 death yaks (Lair:6)
  Urug (Lair:1)
  The ghost of willcat the Octopoid Mishap, a novice OpWn of Qazlal (D:8)
  A fire crab (Lair:6)
  Pikel (D:9)
  A hill giant (D:10)
  A lindwurm (Lair:5)
  2 wolf spiders (Lair:3)
  A cyclops (D:10)
  A manticore (D:11)
  A siren (Lair:2)
  12 black mambas
  10 elephants
  Psyche (D:9)
  3 molten gargoyles (Lair:6)
  A gargoyle (D:10)
  8 spiny frogs
  A rime drake (Lair:6)
  11 komodo dragons
  A merfolk (Lair:2)
  4 hornets
  Grinder (D:3)
  A dream sheep (Lair:4)
  Prince Ribbit (D:9)
  18 blink frogs
  12 hippogriffs
  A shadow (D:11)
  5 wyverns
  24 yaks
  A human (D:7)
  5 fire bats (D:10)
  6 basilisks
  8 hogs
  Grum (D:11)
  3 steam dragons (Lair:6)
  A mottled dragon (Lair:6)
  5 soldier ants (Lair:5)
  4 nagas (Lair:3)
  6 porcupines
  18 water moccasins
  5 hell hounds (Lair:6)
  2 ice beasts (D:10)
  4 orc warriors
  2 swamp drakes (Lair:6)
  A slave (D:9)
  A necrophage (D:10)
  2 phantoms
  2 sky beasts
  An eye of draining (D:11)
  21 wolves
  3 ogres
  3 centaurs
  7 crocodiles
  2 big kobolds (D:8)
  16 bullfrogs
  6 scorpions
  5 wights (D:7)
  2 electric eels
  4 howler monkeys
  3 crimson imps
  5 lava snakes (Lair:6)
  A bullfrog zombie (D:5)
  6 hounds
  A jelly (D:5)
  2 orc priests
  Terence (D:2)
  2 iguanas
  8 orc wizards
  18 worker ants
  A killer bee zombie (D:4)
  2 hound skeletons
  Robin (D:4)
  A howler monkey skeleton (D:4)
  15 adders
  2 shadow imps
  2 adder skeletons
  2 adder zombies (D:9)
  2 worms
  2 dart slugs (D:1)
  2 leopard geckos (D:1)
  12 orcs
  7 giant cockroaches
  16 goblins
  12 hobgoblins
  12 jackals
  3 quokkas
  4 ball pythons
  7 bats
  4 frilled lizards
  19 kobolds
  A leopard gecko skeleton (D:8)
  A leopard gecko zombie (D:5)
  A quokka skeleton (D:4)
  9 rats
481 creatures vanquished.

Vanquished Creatures (others)
  4 dream sheep (Lair:4)
  A human (Lair:4)
  A crocodile (Lair:4)
  4 bushes (Lair:3)
  17 fungi
  25 plants
52 creatures vanquished.

Grand Total: 533 creatures vanquished

Notes
Turn   | Place    | Note
-------+----------+-------------------------------------------
     0 | D:1      | Letos the Gargoyle Gladiator began the quest for the Orb.
     0 | D:1      | Reached XP level 1. HP: 12/12 MP: 1/1
    87 | D:1      | Reached XP level 2. HP: 12/17 MP: 2/2
   441 | D:1      | Reached XP level 3. HP: 14/22 MP: 3/3
   991 | D:1      | Reached skill level 4 in Maces & Flails
  1501 | D:2      | Noticed Terence
  1522 | D:2      | Reached XP level 4. HP: 21/27 MP: 4/4
  1528 | D:2      | Killed Terence
  1677 | D:2      | Noticed a hand axe
  1678 | D:2      | Noticed a hand axe
  1678 | D:2      | Found a hide-covered altar of Uskayaw.
  2386 | D:3      | Found a blossoming altar of Fedhas.
  2480 | D:3      | Reached XP level 5. HP: 27/32 MP: 5/5
  2503 | D:3      | Found a faded altar of an unknown god.
  2555 | D:3      | Noticed Grinder
  2558 | D:3      | Paralysed by Grinder for 4 turns
  2575 | D:3      | Killed Grinder
  2575 | D:3      | Reached skill level 5 in Maces & Flails
  2575 | D:3      | Reached XP level 6. HP: 24/39 MP: 6/6
  2610 | D:3      | Reached skill level 6 in Maces & Flails
  2759 | D:3      | Found a shattered altar of Ashenzari.
  3319 | D:4      | Reached XP level 7. HP: 38/44 MP: 7/7
  3463 | D:4      | Reached skill level 7 in Maces & Flails
  3649 | D:4      | Noticed Robin
  3693 | D:4      | Killed Robin
  3722 | D:4      | Found an opulent altar of Gozag.
  3729 | D:4      | Became a worshipper of Gozag Ym Sagoz the Greedy
  3855 | D:4      | Found an iron altar of Okawaru.
  4191 | D:5      | Entered Level 5 of the Dungeon
  4265 | D:5      | Reached skill level 8 in Maces & Flails
  4504 | D:5      | Reached XP level 8. HP: 44/48 MP: 8/8
  4789 | D:5      | Reached skill level 9 in Maces & Flails
  5060 | D:6      | Found a staircase to the Ecumenical Temple.
  5199 | D:6      | Found a sacrificial altar of Ru.
  5269 | D:6      | Found a radiant altar of Vehumet.
  5308 | D:6      | Reached skill level 1 in Armour
  5398 | D:6      | Found a deep blue altar of Sif Muna.
  5443 | D:6      | Reached skill level 5 in Fighting
  5493 | D:6      | You fall through a shaft!
  5549 | D:7      | Found an opulent altar of Gozag.
  5621 | D:7      | Reached skill level 10 in Maces & Flails
  5752 | D:7      | Reached XP level 9. HP: 51/54 MP: 9/9
  6206 | D:7      | Found Deutio Ifex's Gadget Boutique.
  6209 | D:7      | Bought a wand of heal wounds (3/9) for 588 gold pieces
  6447 | D:7      | Reached skill level 11 in Maces & Flails
  7241 | D:8      | Found a glowing golden altar of the Shining One.
  7394 | D:8      | Noticed willcat's ghost (novice OpWn)
  7426 | D:8      | Killed willcat's ghost
  7426 | D:8      | Reached skill level 5 in Armour
  7426 | D:8      | Reached XP level 10. HP: 60/63 MP: 10/10
  7592 | D:9      | Found a shimmering altar of Xom.
  7780 | D:9      | Found a staircase to the Orcish Mines.
  7793 | D:9      | Noticed Prince Ribbit
  7798 | D:9      | Noticed Psyche
  7810 | D:9      | Killed Prince Ribbit
  7820 | D:9      | Killed Psyche
  7820 | D:9      | Reached skill level 12 in Maces & Flails
  7907 | D:9      | Found a staircase to the Lair.
  8059 | D:9      | Noticed Pikel
  8076 | D:9      | Killed Pikel
  8684 | Lair:1   | Entered Level 1 of the Lair of Beasts
  8684 | Lair:1   | Noticed a spiny frog
  8699 | Lair:1   | Killed a spiny frog
  8706 | Lair:1   | Noticed Roarke's ghost (novice MiBe)
  8854 | Lair:1   | Killed Roarke's ghost
  9055 | Lair:1   | Reached XP level 11. HP: 67/69 MP: 11/11
  9072 | Lair:1   | Reached skill level 13 in Maces & Flails
  9610 | Lair:2   | Noticed Urug
  9632 | Lair:1   | Killed Urug
  9732 | Lair:2   | Got a crystal great sword
  9733 | Lair:2   | Identified the +8 great sword "Nahuzoor" {freeze, +Rage MR+} (You found it on level 2 of the Lair of Beasts)
  9817 | Lair:2   | Noticed a five-headed hydra
  9842 | Lair:2   | Killed a five-headed hydra
 10417 | Lair:2   | Found a staircase to the Shoals.
 10860 | Lair:3   | Reached skill level 14 in Maces & Flails
 10937 | Lair:3   | Reached skill level 10 in Fighting
 11165 | Lair:3   | Reached XP level 12. HP: 77/77 MP: 12/12
 11211 | Lair:3   | Found a staircase to the Snake Pit.
 11505 | Lair:3   | Reached skill level 5 in Dodging
 11743 | Lair:3   | Reached skill level 15 in Maces & Flails
 12013 | Lair:3   | Reached skill level 1 in Evocations
 13141 | Lair:4   | Noticed Rupert
 13158 | Lair:4   | Killed Rupert
 13158 | Lair:4   | Reached XP level 13. HP: 55/84 MP: 0/15
 13839 | Lair:4   | Noticed Kirke
 13878 | Lair:4   | Reached skill level 16 in Maces & Flails
 13898 | Lair:4   | Killed Kirke
 14170 | Lair:4   | Found a shimmering altar of Xom.
 14929 | Lair:5   | Gained mutation: You are somewhat resistant to further mutation. [potion of beneficial mutation]
 15010 | Lair:5   | Noticed an entropy weaver
 15011 | Lair:5   | Noticed an entropy weaver
 15151 | Lair:5   | Found a staircase to the Slime Pits.
 15151 | Lair:5   | Found a viscous altar of Jiyva.
 15321 | Lair:5   | Killed an entropy weaver
 16011 | Lair:5   | Killed an entropy weaver
 16525 | Lair:6   | Entered Level 6 of the Lair of Beasts
 17113 | Lair:6   | Reached skill level 5 in Evocations
 17124 | Lair:6   | Gained mutation: Your large and strong wings let you fly indefinitely. [Gargoyle growth]
 17124 | Lair:6   | Reached XP level 14. HP: 67/94 MP: 17/17
 18112 | Lair:6   | Reached skill level 10 in Armour
 19586 | Lair:6   | Found a large runed door.
 19586 | Lair:6   | Found a large runed door.
 20635 | D:10     | Entered Level 10 of the Dungeon
 20684 | D:10     | Noticed a fire giant
 20724 | D:10     | Killed a fire giant
 21806 | D:11     | Noticed Grum
 21818 | D:11     | Killed Grum
 22044 | D:11     | Reached XP level 15. HP: 97/100 MP: 21/21
 22140 | D:11     | Noticed Harold
 22148 | D:11     | Killed Harold
 22286 | D:11     | Noticed Fannar
 22294 | D:11     | HP: 3/100 [titanic slime creature (84)]
 22296 | D:11     | Annihilated by a titanic slime creature

Skill      XL: |  1  2  3  4  5  6  7  8  9 10 11 12 13 14 |
---------------+-------------------------------------------+-----
Throwing       | 2 3 |  3.8
Maces & Flails | 4 5 6 8 10 11 12 14 15 16 | 16.5
Fighting       | 3 4 5 7 8 10 11 13 14 | 14.3
Armour         | 2 5 7 9 10 | 10.6
Dodging        | 4 5 |  5.3
Evocations     | 3 5 8 |  8.0

Action                   |  1- 3 |  4- 6 |  7- 9 | 10-12 | 13-15 || total
-------------------------+-------+-------+-------+-------+-------++-------
Melee: Flail             |   168 |   128 |   358 |       |       ||   654
       Morningstar       |       |       |   185 |   775 |   953 ||  1913
       Great mace        |       |       |       |       |    80 ||    80
Throw: Throwing net      |       |       |       |       |     1 ||     1
Invok: Potion Petition   |       |       |       |     2 |     2 ||     4
Evoke: Wand              |       |       |     2 |       |     5 ||     7
  Use: Potion            |       |     1 |     1 |     3 |     4 ||     9
       Scroll            |       |       |    20 |     6 |     7 ||    33
 Stab: Distracted        |       |       |     1 |     2 |     2 ||     5
  Eat: Chunk             |     1 |     7 |     2 |       |       ||    10
       Fruit             |       |       |     1 |     1 |    11 ||    13
       Bread ration      |       |       |     2 |     1 |     2 ||     5
       Meat ration       |       |       |     1 |     1 |     1 ||     3
       Pizza             |       |       |       |     4 |     2 ||     6
       Beef jerky        |       |       |       |       |     2 ||     2
Armor: Leather armour    |    16 |       |       |       |       ||    16
       Ring mail         |    72 |       |       |       |       ||    72
       Scale mail        |    27 |    72 |    64 |       |       ||   163
       Chain mail        |       |       |   188 |       |       ||   188
       Plate armour      |       |       |    47 |   490 |   776 ||  1313
Dodge: Dodged            |   125 |    60 |   194 |   332 |   403 ||  1114
